 Dungeon Crawl Stone Soup version 0.23.2-40-g277498a (webtiles) character file.

Game seed: 1026623883115700172

2223 Fang the Skirmisher (level 9, -1/57 HPs)
             Began as a Gargoyle Berserker on Sept 9, 2019.
             Was an Elder of Trog.
             Slain by Prince Ribbit (10 damage)
             ... on level 6 of the Dungeon.
             The game lasted 00:07:18 (5882 turns).

Fang the Skirmisher (Gargoyle Berserker)            Turns: 5882, Time: 00:07:19

Health: -1/57      AC: 16    Str: 25    XL:     9   Next: 35%
Magic:  9/9        EV: 15    Int:  7    God:    Trog [****..]
Gold:   282        SH:  0    Dex:  9    Spells: 8/8 levels left

rFire    . . .     SeeInvis .   a - +0 hand axe
rCold    . . .     Gourm    .   (no shield)
rNeg     + . .     Faith    .   b - +0 chain mail
rPois    ∞         Spirit   .   (no helmet)
rElec    +         Reflect  .   (no cloak)
rCorr    +         Harm     .   (no gloves)
MR       ++...                  (no boots)
Stlth    ..........             i - amulet of the acrobat
HPRegen  1.19/turn              s - ring of resist corrosion
MPRegen  0.11/turn              r - +5 ring of evasion

@: regenerating
A: negative energy resistance 1, electricity resistance, unbreathing,
petrification resistance, rot immunity, AC +6
a: Berserk, Trog's Hand, Brothers in Arms, Renounce Religion


You were on level 6 of the Dungeon.
You worshipped Trog.
Trog was greatly pleased with you.
You were hungry.

You visited 2 branches of the dungeon, and saw 7 of its levels.
You also visited: Sewer.

You collected 282 gold pieces.

Inventory:

Hand Weapons
 a - a +0 hand axe (weapon)
Armour
 b - a +0 chain mail (worn)
Jewellery
 i - an amulet of the acrobat (around neck)
 k - an uncursed ring of stealth
 r - a +5 ring of evasion (right hand)
 s - a ring of resist corrosion (left hand)
 y - an uncursed ring of stealth
Wands
 q - a wand of flame (23)
Scrolls
 d - 9 scrolls of identify {unknown}
 g - a scroll of blinking {unknown}
 l - 2 scrolls of enchant weapon {unknown}
 m - 4 scrolls of teleportation {unknown}
 n - 4 scrolls of remove curse {unknown}
 p - a scroll of immolation {unknown}
 w - a scroll of amnesia {unknown}
 z - a scroll of brand weapon {unknown}
Potions
 e - 6 potions of flight {unknown}
 f - a potion of might {unknown}
 h - 3 potions of mutation {unknown}
 j - 5 potions of agility {unknown}
 o - 6 potions of curing {unknown}
 t - 2 potions of brilliance {unknown}
 u - 4 potions of degeneration {unknown}
 v - 6 potions of heal wounds {unknown}
 x - a potion of invisibility {unknown}
Comestibles
 c - 8 rations


   Skills:
 + Level 7.3 Fighting
 + Level 6.1 Axes
 + Level 7.0 Armour
 + Level 5.2 Dodging


You had 8 spell levels left.
You didn't know any spells.
Your spell library was empty.

Dungeon Overview and Level Annotations

Branches:
Dungeon (6/15)             Temple (1/1) D:5

Altars:
Dithmenos
Makhleb
Sif Muna
Trog
Xom

Annotations:
D:6 Prince Ribbit


Innate Abilities, Weirdness & Mutations

You are resistant to torment.
Your stone body is resilient. (AC +6)
You are immune to poison.
You resist negative energy. (rN+)
You are resistant to electric shocks. (rElec)
You can survive without breathing.
You are immune to petrification.
You are immune to rotting.


Message History

You feel resistant to hostile enchantments.
You are feeling hungry.
Prince Ribbit hits you.
* * * LOW HITPOINT WARNING * * *
The orc misses you. Something hits you but does no damage.
You slash something! Trog accepts your kill.
Trog appreciates your killing of a magic user.
Reactivating autopickup.
You feel a bit more experienced.
You closely miss the orc. You closely miss Prince Ribbit.
Prince Ribbit asks, "Just a little smooch?"
Prince Ribbit hits you!
* * * LOW HITPOINT WARNING * * *
The orc closely misses you.
Prince Ribbit hits you but does no damage.
You hit Prince Ribbit but do no damage.
Prince Ribbit is lightly wounded.
You barely miss the orc. Prince Ribbit hits you!
You die...

...#########.....#....#
...'..................#
...#########.###.#.#'## ####
#.# #(# ..# #.# # #######(# ..
....# ###......)# #.#.. ...^'
..#.#...o)#....# .....#
#.#.#...(@F.#
.....###.#.#.)..(###
.........#.#.....##############
...........+$....'.............
.........#.#.....######.######
##.#####.#.############..####
..#.#.#.#.#.#.#.#.#.#.#.#.#.#
##.#.#.#.#.#.#.#.#.#.#.#.#.##
..#.#.#.#.#.#.#.#.#.#.#.#.#.#


You could see Prince Ribbit and an orc.

Vanquished Creatures
  Grinder (D:6)
  Sigmund (D:3)
  Eustachio (D:5)
  Duvessa (D:6)
  An orc warrior (D:6)
  3 ogres
  A sky beast (D:5)
  A phantom (D:5)
  2 big kobolds (Sewer)
  Blork the orc (D:6)
  Dowan (D:6)
  4 wights (D:6)
  A howler monkey (D:6)
  A crimson imp (D:5)
  A hound (D:4)
  A centaur skeleton (D:4)
  An orc wizard (D:6)
  Crazy Yiuf (D:2)
  Jessica (D:2)
  A bullfrog skeleton (D:5)
  An iguana (D:4)
  4 worker ants
  Terence (D:3)
  A hound zombie (D:6)
  A hound skeleton (D:6)
  Robin (D:2)
  A howler monkey skeleton (D:4)
  5 adders
  5 river rats (Sewer)
  3 oozes
  A dart slug (D:1)
  12 leopard geckos
  6 orcs
  9 bats
  4 giant cockroaches
  20 goblins
  3 hobgoblins
  7 jackals
  25 kobolds
  4 quokkas
  8 ball pythons
  A ball python zombie (D:5)
  13 frilled lizards
  24 rats
  4 fungi (D:2)
190 creatures vanquished.

Notes
Turn   | Place    | Note
-------+----------+-------------------------------------------
     0 | D:1      | Fang the Gargoyle Berserker began the quest for the Orb.
     0 | D:1      | Reached XP level 1. HP: 14/14 MP: 1/1
    81 | D:1      | Reached XP level 2. HP: 15/19 MP: 2/2
   552 | D:2      | Reached ** piety under Trog
   552 | D:2      | Reached XP level 3. HP: 23/23 MP: 3/3
   632 | D:2      | Noticed Robin
   646 | D:2      | Killed Robin
   721 | D:2      | Reached XP level 4. HP: 29/29 MP: 4/4
  1000 | D:2      | Noticed Jessica
  1004 | D:2      | Killed Jessica
  1204 | D:2      | Found a runed translucent door.
  1205 | D:2      | Noticed Crazy Yiuf
  1211 | D:2      | Killed Crazy Yiuf
  1211 | D:2      | Reached XP level 5. HP: 33/33 MP: 5/5
  1354 | D:3      | Noticed Sigmund
  1363 | D:3      | Reached *** piety under Trog
  1369 | D:3      | Killed Sigmund
  1369 | D:3      | Reached XP level 6. HP: 12/39 MP: 6/6
  2046 | D:3      | Noticed Terence
  2070 | D:3      | Killed Terence
  2307 | D:4      | Found a shimmering altar of Xom.
  2308 | D:4      | Found a shimmering altar of Xom.
  2317 | D:4      | Found a shimmering altar of Xom.
  2318 | D:4      | Found a shimmering altar of Xom.
  2322 | D:4      | Found a shimmering altar of Xom.
  2430 | D:4      | Found a burning altar of Makhleb.
  2443 | D:4      | Found a deep blue altar of Sif Muna.
  2490 | D:4      | Found a shimmering altar of Xom.
  2844 | D:4      | Reached skill level 5 in Fighting
  2844 | D:4      | Reached XP level 7. HP: 40/44 MP: 7/7
  2906 | D:4      | Found a glowing drain.
  2939 | Sewer    | Entered a sewer
  2961 | Sewer    | Reached **** piety under Trog
  3306 | Sewer    | Reached skill level 5 in Armour
  3866 | D:5      | Entered Level 5 of the Dungeon
  3990 | D:5      | Reached XP level 8. HP: 9/51 MP: 8/8
  4513 | D:5      | Found a staircase to the Ecumenical Temple.
  4522 | D:5      | Reached skill level 5 in Axes
  4532 | Temple   | Entered the Ecumenical Temple
  5206 | D:6      | Noticed Duvessa
  5207 | D:6      | Noticed Eustachio
  5209 | D:6      | Noticed Blork the orc
  5213 | D:6      | Noticed Dowan
  5224 | D:6      | Killed Blork the orc
  5230 | D:6      | Killed Duvessa
  5231 | D:6      | Noticed Grinder
  5348 | D:6      | Reached XP level 9. HP: 56/56 MP: 9/9
  5405 | D:5      | Killed Eustachio
  5405 | D:5      | Reached skill level 5 in Dodging
  5617 | D:6      | Killed Dowan
  5629 | D:6      | Paralysed by Grinder for 5 turns
  5650 | D:6      | Killed Grinder
  5861 | D:6      | Noticed Prince Ribbit
  5882 | D:6      | Slain by Prince Ribbit

Skill      XL: |  1  2  3  4  5  6  7  8  9 |
---------------+----------------------------+-----
Dodging        | 2 3 4 5 |  5.2
Axes           | 3 4 5 6 |  6.1
Armour         | 3 4 5 6 7 |  7.0
Fighting       | 4 5 6 7 |  7.3

Action                   |  1- 3 |  4- 6 |  7- 9 || total
-------------------------+-------+-------+-------++-------
Melee: Hand axe          |   101 |   211 |   482 ||   794
Invok: Berserk           |       |     2 |     3 ||     5
       Trog's Hand       |       |       |     2 ||     2
 Stab: Sleeping          |     1 |       |       ||     1
  Eat: Chunk             |       |     7 |     8 ||    15
       Ration            |       |       |     2 ||     2
Armor: Animal skin       |    29 |       |       ||    29
       Chain mail        |    24 |    96 |   236 ||   356
Dodge: Dodged            |    86 |   140 |   486 ||   712
